 Dungeon Crawl Stone Soup version 0.16.1-7-g2c6721e (webtiles) character file.

17130 jacksonaction the Spear-Bearer (level 12, -11/101 HPs)
             Began as a Minotaur Gladiator on Mar 29, 2015.
             Was a High Priest of the Shining One.
             Mangled by a death yak (19 damage)
             ... on level 4 of the Lair of Beasts.
             The game lasted 02:28:24 (16894 turns).

jacksonaction the Spear-Bearer (MiGl)              Turns: 16894, Time: 02:28:24

Health: -11/101    AC: 22    Str: 21    XL:     12   Next: 16%
Magic:  20/23      EV:  8    Int:  5    God:    the Shining One [*****.]
Gold:   352        SH: 22    Dex: 15    Spells: 0 memorised, 11 levels left

rFire  . . .     SeeInvis .     H - +1 trident (freeze)
rCold  . . .     Clarity  .     L - +1 plate armour {rPois}
rNeg   + + .     SustAb   +     m - +1 shield
rPois  +         Gourm    .     U - +2 hat {MR+}
rElec  .         Spirit   .     I - +1 cloak
rCorr  .         Warding  .     (no gloves)
rMut   .         Stasis   .     B - +2 pair of boots
MR     +....                    (no amulet)
Stlth  ..........               O - ring of sustain abilities
                                a - ring of poison resistance

@: divine shield, glowing, somewhat resistant to hostile enchantments, extremely
unstealthy
A: retaliatory headbutt, horns 2
a: Divine Shield, Cleansing Flame, Summon Divine Warrior, Renounce Religion


You were on level 4 of the Lair of Beasts.
You worshipped the Shining One.
The Shining One was extremely pleased with you.
You were not hungry.

You visited 4 branches of the dungeon, and saw 15 of its levels.

You collected 748 gold pieces.
You spent 396 gold pieces at shops.

Inventory:

Hand weapons
 H - a +1 trident of freezing (weapon)
 W - a +1 flail of holy wrath
Missiles
 d - 2 throwing nets
 g - 3 javelins (quivered)
Armour
 m - a +1 shield (worn)
 B - a +2 pair of boots (worn)
 I - a +1 cloak (worn)
 L - a +1 plate armour of poison resistance (worn)
 U - a +2 hat of magic resistance (worn)
Jewellery
 a - a ring of poison resistance (left hand)
 n - an uncursed ring of fire
 O - a ring of sustain abilities (right hand)
Magical devices
 c - a wand of teleportation (3)
 E - a wand of cold (0)
 J - a wand of frost (13)
 R - a wand of disintegration (8)
 S - a wand of disintegration (11)
 T - a wand of flame (15)
 V - a wand of slowing (28)
Scrolls
 e - 5 scrolls of teleportation
 h - 8 scrolls of remove curse
 i - a scroll of identify
 j - a scroll of recharging {unknown}
 k - a scroll of enchant weapon
 o - 2 scrolls of magic mapping {unknown}
 r - a scroll of brand weapon {unknown}
 w - 6 scrolls of amnesia
 y - a scroll of enchant armour
 G - 2 scrolls of fear
 Q - a scroll of vulnerability {unknown}
 Z - 2 scrolls of immolation {unknown}
Potions
 b - a potion of flight {unknown}
 l - 2 potions of restore abilities
 q - a potion of magic {unknown}
 s - 3 potions of brilliance {unknown}
 t - 3 potions of mutation
 u - 2 potions of invisibility {unknown}
 v - 2 potions of curing
 A - 2 potions of berserk rage
 C - a potion of ambrosia {unknown}
 K - a potion of agility {unknown}
 M - 5 potions of haste {unknown}
 X - a potion of cure mutation {unknown}
Comestibles
 f - 13 bread rations
 x - 6 meat rations
 z - a slice of pizza
 D - 7 fruits


   Skills:
 - Level 7.8 Fighting
   Level 5.4 Long Blades
 + Level 11.8 Polearms
 - Level 3.4 Throwing
 - Level 8.5 Armour
 - Level 6.6 Dodging
 - Level 1.4 Stealth
 - Level 8.0 Shields
 * Level 10.8 Invocations


You had 11 spell levels left.
You didn't know any spells.

Dungeon Overview and Level Annotations

Branches:
Dungeon (9/15)             Temple (1/1) D:7            Lair (4/8) D:9
 Shoals (1/5) Lair:3
  Snake: Lair:3-6    Spider: Lair:3-6       Orc: D:9-12

Altars:
Ashenzari
Cheibriados
Dithmenos
Elyvilon
Fedhas
Gozag
Kikubaaqudgha
Makhleb
Nemelex Xobeh
Okawaru
Qazlal
Ru
Sif Muna
Trog
Vehumet
Xom
Yredelemnul
Zin
The Shining One

Shops:
D:5 ?


Innate Abilities, Weirdness & Mutations

You reflexively headbutt those who attack you in melee.
You have a pair of horns on your head.


Message History

Your shield is strengthened by the Shining One's divine power.
You feel slightly more hungry. The death yak gores you.
* * * LOW HITPOINT WARNING * * *
You block the iguana's attack. The death yak gores you.
* * * LOW HITPOINT WARNING * * *
The death yak gores you but does no damage.
You hit the death yak. You freeze the death yak.
You kill the death yak!
You block the iguana's attack. You block the death yak's attack.
You hit the death yak but do no damage. You headbutt the death yak.
The death yak is lightly wounded.
You hit the death yak! You freeze the death yak.
You headbutt the death yak, but do no damage.
The death yak is lightly wounded.
The death yak gores you!!
* * * LOW HITPOINT WARNING * * *
You block the iguana's attack. You block the death yak's attack.
The death yak gores you but does no damage.
You block the iguana's attack. The death yak gores you!!
You die...

##. ... #.# ..##
#.##..#..# ## ##.........
#+###.### ##P.........
.(......#####†..........
........+Y....#.........
........lYY#..###YY...#.#
........@Y##### #...#..8.
.......:..# ##.Y.#....
.........# #....#8.<.
[#...+.### ####.†...†
##.#.. #.#.... ##...
####..# ..# #.... #.#
...... ...##..


You could see 4 death yaks and an iguana.

Vanquished Creatures
  Gastronok (D:7)
  A death yak (Lair:4)
  3 elephants (Lair:2)
  A siren (Lair:3)
  Maurice (D:8)
  3 komodo dragons
  6 spiny frogs
  A fire drake (Lair:1)
  4 merfolk
  2 blink frogs (Lair:2)
  Prince Ribbit (Lair:2)
  A basilisk (Lair:1)
  A snapping turtle (Shoals:1)
  5 yaks
  A spriggan (D:8)
  3 hippogriffs
  The ghost of porpoise the Skirmisher, an average GrGl (D:3)
  4 porcupines
  A hungry ghost (D:7)
  4 orc warriors
  10 water moccasins
  A phantom (D:5)
  An eye of draining (D:8)
  4 ice beasts
  A necrophage (D:5)
  6 ogres
  A centaur (D:7)
  3 crocodiles
  9 giant frogs
  A big kobold (D:8)
  A water moccasin zombie (D:7)
  3 scorpions
  9 killer bees (D:7)
  3 jellies (D:9)
  10 wights
  3 goliath beetles
  3 crimson imps
  2 electric eels (Lair:3)
  7 hounds
  A centaur zombie (D:9)
  2 giant frog skeletons
  10 orc wizards
  3 worker ants
  Crazy Yiuf (D:5)
  A giant frog zombie (D:4)
  A centaur skeleton (D:9)
  6 hell rats (Lair:2)
  A gnoll shaman (D:7)
  8 iguanas
  4 orc priests
  A killer bee zombie (D:8)
  7 sheep
  Jessica (D:3)
  2 hound zombies
  A hound skeleton (D:7)
  6 gnolls
  18 adders
  44 river rats
  A giant mite (D:4)
  2 shadow imps
  2 worms
  An adder zombie (D:6)
  2 adder skeletons
  5 giant geckos
  31 orcs
  5 ball pythons
  3 bat skeletons (D:7)
  2 bat zombies (D:5)
  5 giant cockroaches
  13 goblins
  11 hobgoblins
  5 jackals
  17 quokkas
  22 bats
  A giant gecko zombie (D:7)
  4 giant newts
  2 giant spores (D:7)
  A jackal zombie (D:6)
  19 kobolds
  31 rats
  8 ballistomycetes
  A plant (Lair:3)
435 creatures vanquished.

Vanquished Creatures (others)
  4 sheep (D:4)
  A giant spore (D:9)
  A plant (Lair:3)
6 creatures vanquished.

Grand Total: 441 creatures vanquished

Notes
Turn   | Place    | Note
--------------------------------------------------------------
     0 | D:1      | jacksonaction, the Minotaur Gladiator, began the quest for the Orb.
     0 | D:1      | Reached XP level 1. HP: 18/18 MP: 1/1
   502 | D:1      | Reached XP level 2. HP: 25/25 MP: 1/1
  1155 | D:1      | Reached skill level 4 in Long Blades
  1155 | D:1      | Reached XP level 3. HP: 26/30 MP: 2/2
  1224 | D:2      | Reached skill level 1 in Armour
  1426 | D:2      | Reached XP level 4. HP: 16/37 MP: 2/2
  1664 | D:2      | Reached skill level 1 in Stealth
  2175 | D:2      | Found a white marble altar of Elyvilon.
  2175 | D:2      | Found a glowing silver altar of Zin.
  2175 | D:2      | Found a glowing golden altar of the Shining One.
  2188 | D:2      | Became a worshipper of the Shining One
  2330 | D:2      | Found a blossoming altar of Fedhas.
  2467 | D:3      | Reached XP level 5. HP: 45/45 MP: 2/2
  2961 | D:3      | Noticed Jessica
  2985 | D:3      | Killed Jessica
  3013 | D:3      | Noticed porpoise's ghost (average GrGl)
  3026 | D:3      | Killed porpoise's ghost
  3026 | D:3      | Reached XP level 6. HP: 36/52 MP: 3/3
  3194 | D:3      | Found a blossoming altar of Fedhas.
  3908 | D:4      | Found an ancient bone altar of Kikubaaqudgha.
  4047 | D:4      | Reached skill level 1 in Shields
  4060 | D:4      | Reached skill level 5 in Long Blades
  4280 | D:4      | Found a shimmering altar of Xom.
  4604 | D:4      | Found a shadowy altar of Dithmenos.
  4788 | D:5      | Entered Level 5 of the Dungeon
  4838 | D:5      | Found Anlop's Magic Scroll Shop.
  4881 | D:5      | Bought a scroll of enchant weapon for 90 gold pieces
  4959 | D:5      | Reached XP level 7. HP: 54/58 MP: 3/3
  4999 | D:5      | Acquired the Shining One's first power
  5030 | D:5      | Reached skill level 5 in Armour
  5111 | D:5      | Reached skill level 1 in Polearms
  5111 | D:5      | Reached skill level 1 in Invocations
  5221 | D:5      | Found an opulent altar of Gozag.
  5346 | D:5      | Found a sacrificial altar of Ru.
  5443 | D:5      | Found a radiant altar of Vehumet.
  6040 | D:5      | Reached XP level 8. HP: 66/66 MP: 5/7
  6046 | D:5      | Bought a scroll of identify for 24 gold pieces
  6046 | D:5      | Bought a scroll of teleportation for 36 gold pieces
  6046 | D:5      | Bought a scroll of identify for 24 gold pieces
  6046 | D:5      | Bought a scroll of identify for 24 gold pieces
  6080 | D:5      | Noticed Crazy Yiuf
  6087 | D:5      | Killed Crazy Yiuf
  6630 | D:6      | Reached skill level 5 in Polearms
  6633 | D:6      | Reached skill level 5 in Fighting
  6753 | D:6      | Acquired the Shining One's second power
  7114 | D:6      | Reached skill level 6 in Polearms
  7382 | D:6      | Reached skill level 7 in Polearms
  7654 | D:6      | Reached XP level 9. HP: 76/78 MP: 9/9
  7987 | D:7      | Reached skill level 8 in Polearms
  8176 | D:7      | Found a staircase to the Ecumenical Temple.
  8322 | D:7      | Reached skill level 5 in Shields
  8824 | D:8      | Reached skill level 5 in Invocations
  8832 | D:8      | Reached skill level 5 in Dodging
  8906 | D:8      | Found a bloodstained altar of Trog.
  9064 | D:8      | Noticed Maurice
  9088 | D:8      | Noticed Gastronok
  9109 | D:8      | Killed Maurice
  9109 | D:8      | Reached XP level 10. HP: 38/86 MP: 12/14
  9484 | D:7      | HP: 4/86 [Gastronok/the air (38)]
  9917 | D:7      | Killed Gastronok
 10062 | Temple   | Entered the Ecumenical Temple
 10365 | D:5      | Bought a scroll of identify for 24 gold pieces
 10365 | D:5      | Bought a scroll of enchant armour for 90 gold pieces
 10365 | D:5      | Bought a scroll of amnesia for 42 gold pieces
 10365 | D:5      | Bought a scroll of fear for 42 gold pieces
 11044 | D:9      | Found a staircase to the Lair.
 11499 | D:9      | Acquired the Shining One's third power
 11519 | D:9      | Reached skill level 9 in Polearms
 12055 | D:9      | Found a deep blue altar of Sif Muna.
 12057 | D:9      | Found a snail-covered altar of Cheibriados.
 12058 | D:9      | Found an opulent altar of Gozag.
 12165 | Lair:1   | Entered Level 1 of the Lair of Beasts
 12423 | Lair:1   | Reached XP level 11. HP: 90/94 MP: 15/17
 14013 | Lair:2   | Noticed Prince Ribbit
 14057 | Lair:2   | Killed Prince Ribbit
 14526 | Lair:2   | Reached skill level 10 in Invocations
 14780 | Lair:2   | Acquired the Shining One's fourth power
 15209 | Lair:3   | Reached skill level 10 in Polearms
 16066 | Lair:3   | Reached skill level 11 in Polearms
 16190 | Lair:3   | Reached XP level 12. HP: 101/101 MP: 23/23
 16240 | Lair:3   | Found a staircase to the Shoals.
 16249 | Shoals:1 | Entered Level 1 of the Shoals
 16888 | Lair:4   | HP: 5/101 [iguana (8)]
 16894 | Lair:4   | Mangled by a death yak

Action                   |  1- 3 |  4- 6 |  7- 9 | 10-12 || total
-------------------------+-------+-------+-------+-------++-------
Melee: Long sword        |    88 |   178 |    38 |       ||   304
       Trident           |       |       |   366 |   871 ||  1237
Throw: Stone             |    43 |    50 |     4 |     2 ||    99
       Javelin           |       |    13 |    12 |     4 ||    29
       Throwing net      |       |       |     1 |       ||     1
Invok: Divine Shield     |       |       |     4 |     5 ||     9
Evoke: Wand              |       |       |       |     2 ||     2
  Use: Scroll            |       |     5 |     4 |    15 ||    24
       Potion            |       |       |     2 |     3 ||     5
 Stab: Fleeing           |       |     1 |       |       ||     1
       Held in net/web   |       |       |     2 |       ||     2
  Eat: Chunk             |     2 |     7 |     8 |     7 ||    24
       Meat ration       |       |     1 |       |       ||     1
       Pizza             |       |       |     1 |     3 ||     4
       Royal jelly       |       |       |     1 |       ||     1
       Fruit             |       |       |     2 |     4 ||     6
       Bread ration      |       |       |       |     2 ||     2
       Beef jerky        |       |       |       |     2 ||     2
